 Dungeon Crawl Stone Soup version 0.12.2-9-gf1dcfd2 (webtiles) character file.

120 StormDelay the Ruinous (level 3, -2/19 HPs)
             Began as a Deep Elf Conjurer on July 3, 2013.
             Killed from afar by Terence (8 damage)
             ... with a wand of frost
             ... on Level 2 of the Dungeon.
             The game lasted 00:07:40 (1571 turns).

StormDelay the Ruinous (Deep Elf Conjurer)          Turns: 1571, Time: 00:07:40

HP  -2/19        AC  2     Str  5      XL: 3   Next: 28%
MP   8/10        EV 13     Int 20      God:
Gold 81          SH  0     Dex 15      Spells:  2 memorised,  5 levels left

Res.Fire  : . . .   See Invis. : .   (no weapon)
Res.Cold  : . . .   Warding    : .   a - +0 elf robe
Life Prot.: . . .   Conserve   : .   (no shield)
Res.Poison: .       Res.Corr.  : .   (no helmet)
Res.Elec. : .       Clarity    : .   (no cloak)
Sust.Abil.: . .     Spirit.Shd : .   (no gloves)
Res.Mut.  : .       Stasis     : .   (no boots)
Res.Rott. : .       Ctrl.Telep.: .   (no amulet)
Saprovore : . . .   Flight     : .   (no ring)
                                     (no ring)

@: slightly resistant to hostile enchantments, fairly stealthy
A: no striking features
a: no special abilities


You were on level 2 of the Dungeon.
You were not hungry.

You visited 1 branch of the dungeon, and saw 2 of its levels.

You collected 61 gold pieces.

Inventory:

Armour
 a - a +0 elven robe (worn)
Comestibles
 b - a bread ration
 i - a banana
 p - a meat ration
Scrolls
 d - 2 scrolls of random uselessness {unknown}
 g - a scroll of curse weapon {unknown}
 h - 3 scrolls of remove curse {unknown}
 k - 2 scrolls of identify {unknown}
 n - a scroll of curse armour {unknown}
 o - 2 scrolls of teleportation {unknown}
 q - a scroll of recharging {unknown}
Jewellery
 j - an uncursed ring of sustain abilities {unknown}
 r - an uncursed ring of protection from fire {unknown}
 u - an uncursed ring of protection from cold {unknown}
Potions
 e - a potion of confusion {unknown}
 f - a potion of curing {unknown}
 m - a potion of resistance {unknown}
 s - a potion of degeneration {unknown}
Books
 c - a book of Conjurations

   Spells                             Type                      Level
   *Magic Dart                        Conjuration                  1
   *Force Lance                       Conjuration                  2
   Dazzling Spray                     Conjuration/Hexes            3
   Iskenderun's Mystic Blast          Conjuration                  4
   Iskenderun's Battlesphere          Conjuration/Charms           4
   Fulminant Prism                    Conjuration/Hexes            5
 t - a book of Annihilations {highlevel}

   This book is beyond your current level of understanding.

   Spells                             Type                      Level
   Poison Arrow                       Conjuration/Poison           6
   Orb of Destruction                 Conjuration                  7
   Chain Lightning                    Conjuration/Air              8
   Lehudib's Crystal Spear            Conjuration/Earth            8
   Ice Storm                          Conjuration/Ice              9
   Fire Storm                         Conjuration/Fire             9


   Skills:
 - Level 2.4 Dodging
 - Level 2.4 Stealth
 - Level 3.0 Spellcasting
 + Level 5.2 Conjurations


You had 5 spell levels left.
You knew the following spells:

 Your Spells              Type           Power        Failure   Level  Hunger
a - Magic Dart            Conj           ####.        1%          1    None
b - Force Lance           Conj           ####...      2%          2    ##.....


Dungeon Overview and Level Annotations

Branches:
Dungeon (2/27)

Altars:

Annotations
D:2 2 exclusions, Jessica, Sigmund, Terence


Message History

Casting: Magic Dart
Confirm with . or Enter, or press ? or * to list all spells.
Aiming: Magic Dart
Press: ? - help, Shift-Dir - straight line, f - Terence
Aim: Terence, wielding a hand axe and wearing a scale mail The magic dart hits Terence.
Terence is moderately wounded.
Terence zaps a wand.
The puff of frost hits you!
One of your 2 slimy green potions freezes and shatters!
Casting: Magic Dart
Confirm with . or Enter, or press ? or * to list all spells.
Aiming: Magic Dart
Press: ? - help, Shift-Dir - straight line, f/p - Terence
Aim: Terence, wielding a hand axe, wearing a scale mail and carrying a wand of frost {zapped: 1} (moderately wounded)
The magic dart hits the bat.
You kill the bat!
Terence zaps a wand.
The puff of frost hits you!
Terence zaps a wand.
The puff of frost misses you.
Terence zaps a wand.
The puff of frost hits you!
You die...

#.)........#
#......##### #......#
###.#### #.# #.# #.#
###
#.###############....##
#...........@..........
#################.@....
... .


You could see Terence.

Vanquished Creatures
  An adder (D:2)
  A giant gecko (D:2)
  An ooze (D:2)
  2 ball pythons (D:1)
  3 giant cockroaches
  7 goblins
  3 hobgoblins (D:1)
  2 bats
  A giant newt (D:1)
  4 kobolds
  5 rats (D:1)
30 creatures vanquished.

Notes
Turn   | Place    | Note
--------------------------------------------------------------
     0 | D:1      | StormDelay, the Deep Elf Conjurer, began the quest for the Orb.
     0 | D:1      | Reached XP level 1. HP: 10/10 MP: 4/4
   320 | D:1      | Reached XP level 2. HP: 15/15 MP: 0/7
   366 | D:1      | Learned a level 2 spell: Force Lance
  1282 | D:2      | Noticed Sigmund
  1297 | D:2      | Noticed Jessica
  1422 | D:2      | Reached skill level 5 in Conjurations
  1422 | D:2      | Reached XP level 3. HP: 19/19 MP: 5/10
  1565 | D:2      | Noticed Terence
  1571 | D:2      | Killed from afar by Terence

Action                   || total
-------------------------++-------
Melee: Unarmed           ||     4
 Cast: Magic Dart        ||    56
